MID
HARTFORD YARD GOATS @ WEST VIRGINIA POWER
09/15/2048
 
TOP OF THE 1ST
Hartford Yard Goats batting - Pitching for West Virginia Power : RHP Kyle Davis
Pitching: RHP Kyle Davis
Batting: LHB Nick Martin 0-0: Ball
1-0: Swinging Strike
1-1: Swinging Strike
1-2: Strikes out swinging
Batting: RHB Andy Rayer 0-0: Ball
1-0: Reached on error, E6 (Groundball, 6, EV 80.0 MPH)
Batting: RHB Matviy Oliynyk 0-0: Ball
1-0: Foul Ball, location: 2F
1-1: Ball
2-1: Foul Ball, location: 2F
2-2: Foul Ball, location: 2F
2-2: Ball
3-2: Strikes out swinging
Batting: SHB Ken Griffey IV 0-0: Foul Ball, location: 2F
0-1: Ball
Passed Ball!
Andy Rayer to second
1-1: Ball
2-1: Swinging Strike
2-2: Ball
3-2: Strikes out looking
Top of the 1st over - 0 runs, 0 hits, 1 error, 1 left on base; Hartford 0 - West Virginia 0
BOTTOM OF THE 1ST
West Virginia Power batting - Pitching for Hartford Yard Goats : RHP Ryan Squire
Pitching: RHP Ryan Squire
Batting: RHB Melvin Durland 0-0: Ball
1-0: Ball
2-0: Ball
3-0: Called Strike
3-1: Base on Balls
Batting: RHB Chris McCoy 0-0: Ball
Melvin Durland steals 2nd base
1-0: SINGLE (Line Drive, 89S, EV 86.9 MPH)
Melvin Durland to third
Batting: RHB Alain Marquet 0-0: Called Strike
Chris McCoy steals 2nd base
0-1: Ground out 5-3 (Groundball, 5S, EV 88.8 MPH)
Batting: RHB Dave Fredericks 0-0: Swinging Strike
0-1: Ball
1-1: Ball
2-1: SINGLE (Groundball, 6S, EV 73.1 MPH) (infield hit)
Melvin Durland scores
Chris McCoy to third
Batting: RHB Jeff Edwards 0-0: Ball
1-0: Swinging Strike
1-1: Ball
2-1: Grounds into double play, 5-4-3 (Groundball, 56, EV 103.8 MPH)
Bottom of the 1st over - 1 run, 2 hits, 0 errors, 1 left on base; Hartford 0 - West Virginia 1
TOP OF THE 2ND
Hartford Yard Goats batting - Pitching for West Virginia Power : RHP Kyle Davis
Batting: RHB T.J. Williams 0-0: Fly out, F8 (Flyball, 78M, EV 90.0 MPH)
Batting: RHB Zakhar Edelman 0-0: Ball
1-0: Foul Ball, location: 2F
1-1: Foul Ball, location: 2F
1-2: SINGLE (Groundball, 56S, EV 65.0 MPH) (infield hit)
Batting: LHB Harry Folsom 0-0: Ball
1-0: Called Strike
1-1: Swinging Strike
1-2: Ball
2-2: Fielders Choice at 2nd, 6-4 (Groundball, 6, EV 88.8 MPH)
Batting: RHB Willie Benito 0-0: Ball
1-0: Ball
Harry Folsom steals 2nd, throwing error, E2
Harry Folsom to third
2-0: Foul Ball, location: 2F
2-1: Foul Ball, location: 2F
2-2: Strikes out swinging
Top of the 2nd over - 0 runs, 1 hit, 1 error, 1 left on base; Hartford 0 - West Virginia 1
BOTTOM OF THE 2ND
West Virginia Power batting - Pitching for Hartford Yard Goats : RHP Ryan Squire
Batting: RHB Jordan Robinson 0-0: Swinging Strike
0-1: Foul Ball, location: 2F
0-2: Ball
1-2: DOUBLE (Groundball, 5L, EV 101.2 MPH)
Batting: RHB Chris Beckham 0-0: Ball
1-0: Foul Ball, location: 2F
1-1: Ball
2-1: Ball
3-1: Base on Balls
Batting: RHB Terry Sutherland 0-0: Ball
1-0: Called Strike
1-1: Grounds into double play, 6-4-3 (Groundball, 6S, EV 91.9 MPH)
Jordan Robinson to third
Batting: RHB Rick Pittman 0-0: Ball
1-0: Ball
2-0: Ground out 3-1 (Groundball, 34S, EV 80.6 MPH)
Bottom of the 2nd over - 0 runs, 1 hit, 0 errors, 1 left on base; Hartford 0 - West Virginia 1
TOP OF THE 3RD
Hartford Yard Goats batting - Pitching for West Virginia Power : RHP Kyle Davis
Batting: RHB Kevin McKasson 0-0: Ball
1-0: Ball
2-0: Swinging Strike
2-1: SINGLE (Groundball, 56S, EV 70.6 MPH) (infield hit)
Batting: LHB Nick Martin 0-0: Ball
1-0: Called Strike
1-1: Foul Ball, location: 2F
1-2: SINGLE (Groundball, 6MD, EV 99.4 MPH)
Kevin McKasson to second
Batting: RHB Andy Rayer 0-0: Ball
1-0: Called Strike
1-1: Ball
2-1: Ball
3-1: Base on Balls
Kevin McKasson to third
Nick Martin to second
Batting: RHB Matviy Oliynyk 0-0: Ball
1-0: Ball
2-0: Ball
3-0: Called Strike
3-1: Swinging Strike
3-2: Fielders Choice at 2nd, 5-4 (Groundball, 56, EV 101.9 MPH)
Kevin McKasson scores
Nick Martin to third
Batting: SHB Ken Griffey IV 0-0: Called Strike
0-1: Called Strike
0-2: Ball
1-2: Strikes out swinging
Batting: RHB T.J. Williams 0-0: Ball
1-0: Swinging Strike
1-1: Ground out 4-3 (Groundball, 34, EV 85.0 MPH)
Top of the 3rd over - 1 run, 2 hits, 0 errors, 2 left on base; Hartford 1 - West Virginia 1
BOTTOM OF THE 3RD
West Virginia Power batting - Pitching for Hartford Yard Goats : RHP Ryan Squire
Batting: RHB Melvin Durland 0-0: Ball
1-0: Foul Ball, location: 2F
1-1: SINGLE (Groundball, 6D, EV 94.4 MPH)
Batting: RHB Chris McCoy 0-0: Ball
Melvin Durland steals 2nd base (no throw)
1-0: Ball
2-0: Ground out 4-3 (Groundball, 4S, EV 85.0 MPH)
Melvin Durland to third
Batting: RHB Alain Marquet 0-0: Foul Ball, location: 2F
0-1: Fly out, F9 (Flyball, 9LM, EV 101.2 MPH)
Runner from 3rd tags up, SCORES, throw by RF
Batting: RHB Dave Fredericks 0-0: Called Strike
0-1: Foul Ball, location: 2F
0-2: Fly out, F8 (Flyball, 8LS, EV 86.9 MPH)
Bottom of the 3rd over - 1 run, 1 hit, 0 errors, 0 left on base; Hartford 1 - West Virginia 2
TOP OF THE 4TH
Hartford Yard Goats batting - Pitching for West Virginia Power : RHP Kyle Davis
Batting: RHB Zakhar Edelman 0-0: Called Strike
0-1: Ball
1-1: Ground out 6-3 (Groundball, 6MS, EV 89.4 MPH)
Batting: LHB Harry Folsom 0-0: DOUBLE (Flyball, 78D, EV 97.5 MPH)
Batting: RHB Willie Benito 0-0: Called Strike
0-1: Swinging Strike
0-2: Fly out, F9 (Flyball, 9, EV 88.8 MPH)
Batting: RHB Kevin McKasson 0-0: Called Strike
0-1: Ball
1-1: Ball
2-1: Foul Ball, location: 2F
2-2: Strikes out swinging
Top of the 4th over - 0 runs, 1 hit, 0 errors, 1 left on base; Hartford 1 - West Virginia 2
BOTTOM OF THE 4TH
West Virginia Power batting - Pitching for Hartford Yard Goats : RHP Ryan Squire
Batting: RHB Jeff Edwards 0-0: Called Strike
0-1: Foul Ball, location: 2F
0-2: Foul Ball, location: 2F
0-2: Strikes out swinging
Batting: RHB Jordan Robinson 0-0: Foul Ball, location: 2F
0-1: Ball
1-1: Swinging Strike
1-2: Ground out 6-3 (Groundball, 6M, EV 104.4 MPH)
Batting: RHB Chris Beckham 0-0: Fly out, F8 (Flyball, 8LM, EV 91.9 MPH)
Bottom of the 4th over - 0 runs, 0 hits, 0 errors, 0 left on base; Hartford 1 - West Virginia 2
TOP OF THE 5TH
Hartford Yard Goats batting - Pitching for West Virginia Power : RHP Kyle Davis
Batting: LHB Nick Martin 0-0: Ball
1-0: Called Strike
1-1: Ball
2-1: Ball
3-1: Base on Balls
Batting: RHB Andy Rayer 0-0: Called Strike
0-1: Ball
1-1: Ball
2-1: Called Strike
Nick Martin steals 2nd base
2-2: Fly out, F4 (Line Drive, 4, EV 60.6 MPH)
Batting: RHB Matviy Oliynyk 0-0: Called Strike
0-1: Fly out, F9 (Flyball, 9D, EV 94.4 MPH)
Runner from 2nd tags up, SAFE at 3rd, no throw by RF
Batting: SHB Ken Griffey IV 0-0: Swinging Strike
0-1: Foul Ball, location: 2F
0-2: Strikes out swinging
Top of the 5th over - 0 runs, 0 hits, 0 errors, 1 left on base; Hartford 1 - West Virginia 2
BOTTOM OF THE 5TH
West Virginia Power batting - Pitching for Hartford Yard Goats : RHP Ryan Squire
Batting: RHB Terry Sutherland 0-0: Called Strike
0-1: Ball
1-1: Ball
2-1: Ball
3-1: Foul Ball, location: 2F
3-2: Fly out, F5 (Popup, 56, EV 65.6 MPH)
Batting: RHB Rick Pittman 0-0: Ball
1-0: Swinging Strike
1-1: Foul Ball, location: 2F
1-2: Ball
2-2: SOLO HOME RUN (Flyball, 9LD, EV 92.5 MPH), Distance : 328 ft
Batting: RHB Melvin Durland 0-0: Ball
1-0: Called Strike
1-1: Ball
2-1: Ball
3-1: Reached on error, E6 (Groundball, 6, EV 100.6 MPH)
Batting: RHB Chris McCoy 0-0: Ball
Melvin Durland steals 2nd, throwing error, E2
Melvin Durland to third
1-0: Ball
2-0: Ball
3-0: Called Strike
3-1: Foul Ball, location: 2F
3-2: Ground out 6-3 (Groundball, 56D, EV 81.2 MPH)
Melvin Durland scores
Batting: RHB Alain Marquet 0-0: Ball
1-0: Ball
2-0: Ball
3-0: Base on Balls
Batting: RHB Dave Fredericks 0-0: Called Strike
Alain Marquet is caught stealing 2nd base 2-4
Bottom of the 5th over - 2 runs, 1 hit, 2 errors, 0 left on base; Hartford 1 - West Virginia 4
TOP OF THE 6TH
Hartford Yard Goats batting - Pitching for West Virginia Power : RHP Kyle Davis
Batting: RHB T.J. Williams 0-0: Foul Ball, location: 2F
0-1: Called Strike
0-2: Strikes out swinging, 2-3 out at first.
Pitching: RHP Kevin Beury
Batting: RHB Zakhar Edelman 0-0: Ball
1-0: SINGLE (Groundball, 5S, EV 70.0 MPH) (infield hit)
Batting: LHB Harry Folsom 0-0: SINGLE (Groundball, 6MD, EV 100.0 MPH) (infield hit)
Zakhar Edelman to second
Batting: RHB Willie Benito 0-0: Called Strike
0-1: Fielders Choice at 2nd, 6-4 (Groundball, 56, EV 104.4 MPH)
Zakhar Edelman to third
Batting: RHB Kevin McKasson 0-0: Ground out 4-3 (Groundball, 34, EV 93.1 MPH)
Top of the 6th over - 0 runs, 2 hits, 0 errors, 2 left on base; Hartford 1 - West Virginia 4
BOTTOM OF THE 6TH
West Virginia Power batting - Pitching for Hartford Yard Goats : RHP Ryan Squire
Pitching: RHP Zi-cheng Zhou
Batting: RHB Dave Fredericks 0-0: Ball
1-0: Ground out 5-3 (Groundball, 5S, EV 65.6 MPH)
Batting: RHB Jeff Edwards 0-0: Ball
1-0: Ball
2-0: Foul Ball, location: 2F
2-1: Ball
3-1: Swinging Strike
3-2: Foul Ball, location: 2F
3-2: Base on Balls
Batting: RHB Jordan Robinson 0-0: Foul Ball, location: 2F
0-1: Foul Ball, location: 2F
0-2: Ball
1-2: SINGLE (Line Drive, 78S, EV 105.0 MPH)
Jeff Edwards to second
Batting: RHB Chris Beckham 0-0: Swinging Strike
0-1: Ball
1-1: Ball
2-1: Ball
3-1: DOUBLE (Line Drive, 7LM, EV 105.6 MPH)
Jeff Edwards scores
Jordan Robinson to third
Batting: RHB Terry Sutherland 0-0: Ball
1-0: Ball
2-0: Called Strike
2-1: Foul Ball, location: 2F
2-2: Ball
3-2: Base on Balls
Batting: RHB Rick Pittman 0-0: Ball
1-0: Ball
Passed Ball!
Jordan Robinson scores
Chris Beckham to third
Terry Sutherland to second
2-0: Ball
3-0: Base on Balls
Pitching: RHP Gorgonio Sigua
Batting: RHB Melvin Durland 0-0: Ball
1-0: Foul Ball, location: 2F
1-1: SINGLE (Groundball, 56S, EV 68.8 MPH) (infield hit)
Chris Beckham scores
Terry Sutherland to third
Rick Pittman to second
Batting: RHB Chris McCoy 0-0: Ball
1-0: Called Strike
1-1: Ball
2-1: Called Strike
2-2: Foul Ball, location: 2F
2-2: Ball
3-2: Foul Ball, location: 2F
3-2: SINGLE (Line Drive, 4M, EV 93.8 MPH)
Terry Sutherland scores
Rick Pittman to third
Melvin Durland to second
Batting: RHB Alain Marquet 0-0: Ball
1-0: Ball
2-0: Ball
3-0: Base on Balls
Rick Pittman scores
Melvin Durland to third
Chris McCoy to second
Batting: RHB Dave Fredericks 0-0: Ball
1-0: Called Strike
1-1: Fielders Choice at 2nd, 3-6 (Groundball, 34, EV 76.9 MPH)
Melvin Durland scores
Chris McCoy to third
Batting: RHB Jeff Edwards 0-0: Ball
1-0: Ball
2-0: Foul Ball, location: 2F
2-1: Ball
3-1: TRIPLE (Line Drive, 89XD, EV 103.1 MPH)
Chris McCoy scores
Dave Fredericks scores
Pitching: RHP Curt De Kock
Batting: RHB Jordan Robinson 0-0: Ball
1-0: Foul Ball, location: 2F
1-1: Ball
2-1: Reached on error, E3 (Groundball, 34, EV 85.0 MPH)
Jeff Edwards scores
Batting: RHB Chris Beckham 0-0: Ball
1-0: 2-RUN HOME RUN (Flyball, 7D, EV 100.0 MPH), Distance : 386 ft
Batting: RHB Terry Sutherland 0-0: Ground out 6-3 (Groundball, 6, EV 98.1 MPH)
Bottom of the 6th over - 11 runs, 6 hits, 1 error, 0 left on base; Hartford 1 - West Virginia 15
TOP OF THE 7TH
Hartford Yard Goats batting - Pitching for West Virginia Power : RHP Kevin Beury
Batting: LHB Nick Martin 0-0: Foul Ball, location: 2F
0-1: Ball
1-1: Ball
2-1: SINGLE (Groundball, 4D, EV 109.4 MPH)
Batting: RHB Andy Rayer 0-0: Ball
1-0: Called Strike
1-1: Fielders Choice at 2nd, 4-6 (Groundball, 4, EV 85.6 MPH)
Batting: RHB Matviy Oliynyk 0-0: Foul Ball, location: 2F
0-1: Fly out, F7 (Flyball, 78S, EV 90.0 MPH)
Batting: SHB Ken Griffey IV 0-0: Ball
1-0: Ground out U3 (Groundball, 3L, EV 104.4 MPH)
Top of the 7th over - 0 runs, 1 hit, 0 errors, 1 left on base; Hartford 1 - West Virginia 15
BOTTOM OF THE 7TH
West Virginia Power batting - Pitching for Hartford Yard Goats : RHP Curt De Kock
Batting: RHB Rick Pittman 0-0: Ball
1-0: Swinging Strike
1-1: Called Strike
1-2: Ground out 3-1 (Groundball, 34S, EV 81.2 MPH)
Batting: RHB Melvin Durland 0-0: Called Strike
0-1: Ball
1-1: SINGLE (Groundball, 4M, EV 87.5 MPH) (infield hit)
Batting: RHB Chris McCoy 0-0: Ball
1-0: Grounds into double play, 6-4-3 (Groundball, 6, EV 100.6 MPH)
Bottom of the 7th over - 0 runs, 1 hit, 0 errors, 0 left on base; Hartford 1 - West Virginia 15
TOP OF THE 8TH
Hartford Yard Goats batting - Pitching for West Virginia Power : RHP Kevin Beury
Batting: RHB T.J. Williams 0-0: Ball
1-0: Called Strike
1-1: Called Strike
1-2: Strikes out swinging
Pinch Hitting: RHB Ighlas Mwara 0-0: Called Strike
0-1: Foul Ball, location: 2F
0-2: Strikes out swinging
Batting: LHB Harry Folsom 0-0: Called Strike
0-1: Foul Ball, location: 2F
0-2: Ball
1-2: Strikes out swinging
Top of the 8th over - 0 runs, 0 hits, 0 errors, 0 left on base; Hartford 1 - West Virginia 15
BOTTOM OF THE 8TH
West Virginia Power batting - Pitching for Hartford Yard Goats : RHP Curt De Kock
Now in LF: Nick Martin
Now in RF: Ighlas Mwara
Pinch Hitting: RHB Nick Wilkins 0-0: Ground out 5-3 (Groundball, 5, EV 88.8 MPH)
Batting: RHB Dave Fredericks 0-0: Foul Ball, location: 2F
0-1: Fly out, F8 (Flyball, 8RXD, EV 76.2 MPH)
Batting: RHB Jeff Edwards 0-0: Called Strike
0-1: Ball
1-1: Ball
2-1: Ground out 6-3 (Groundball, 6, EV 80.6 MPH)
Bottom of the 8th over - 0 runs, 0 hits, 0 errors, 0 left on base; Hartford 1 - West Virginia 15
TOP OF THE 9TH
Hartford Yard Goats batting - Pitching for West Virginia Power : RHP Kevin Beury
Now at 1B: Nick Wilkins
Batting: RHB Willie Benito 0-0: Ball
1-0: Fly out, F9 (Flyball, 9D, EV 95.0 MPH)
Pinch Hitting: RHB Yamashita Yagi 0-0: Ground out 5-3 (Groundball, 56S, EV 69.4 MPH)
Batting: LHB Nick Martin 0-0: Swinging Strike
0-1: Foul Ball, location: 2F
0-2: Strikes out looking
Top of the 9th over - 0 runs, 0 hits, 0 errors, 0 left on base; Hartford 1 - West Virginia 15
Tuesday, March 28th , 2023 - OOTP Baseball 23.10 Build 110